 Dungeon Crawl Stone Soup version 0.26.1-11-gd32895ea62 (webtiles) character file.

Game seed: 13260508481031458620

480 McKennaii the Conjurer (level 6, -2/32 HPs)
             Began as a Deep Elf Conjurer on May 16, 2021.
             Slain by a sky beast (4 damage)
             ... on level 5 of the Dungeon.
             The game lasted 00:04:14 (4683 turns).

McKennaii the Conjurer (Deep Elf Conjurer)          Turns: 4683, Time: 00:04:14

Health: -2/32      AC: -2    Str:  4    XL:     6   Next: 86%
Magic:  11/17      EV: 13    Int: 25    God:
Gold:   243        SH:  0    Dex: 13    Spells: 17/18 levels left

rFire    . . .     SeeInvis .   k - staff of death
rCold    . . .     Faith    .   (no shield)
rNeg     + . .     Spirit   .   a - +0 robe
rPois    .         Reflect  .   (no helmet)
rElec    .         Harm     .   (no cloak)
rCorr    .         Rampage  .   (no gloves)
Will     +....                  (no boots)
Stlth    ++........             (no amulet)
HPRegen  0.10/turn              m - -4 ring of protection (curse)
MPRegen  0.15/turn              f - ring of willpower

@: no status effects
A: no striking features
a: no special abilities


You were on level 5 of the Dungeon.
You visited 1 branch of the dungeon, and saw 5 of its levels.

You collected 243 gold pieces.

Inventory:

Armour
 a - a +0 robe (worn)
Magical Staves
 k - an uncursed staff of death (weapon)
Jewellery
 f - a ring of willpower (right hand)
 m - a cursed -4 ring of protection (left hand)
Wands
 n - a wand of enslavement (5)
Scrolls
 b - a scroll of teleportation
 c - 2 scrolls of blinking
 d - 2 scrolls of enchant weapon
 l - 5 scrolls of remove curse {unknown}
 o - a scroll of fear {unknown}
 p - a scroll of magic mapping {unknown}
 q - a scroll of immolation {unknown}
 s - a scroll of identify {unknown}
Potions
 e - a potion of cancellation
 g - a potion of curing {unknown}
 h - a potion of might {unknown}
 i - 3 potions of brilliance {unknown}
 j - a potion of degeneration {unknown}
 r - a potion of heal wounds {unknown}


   Skills:
 + Level 0.2 Fighting
 + Level 3.0 Dodging
 + Level 2.8 Stealth
 * Level 6.7 Spellcasting
 * Level 7.2 Conjurations


You had 17 spell levels left.
You knew the following spells:

 Your Spells              Type           Power        Failure   Level
a - Magic Dart            Conj           100%         1%          1

Your spell library contained the following spells:

 Spells                   Type           Power        Failure   Level
 Searing Ray              Conj           88%          1%          2
 Dazzling Flash           Conj/Hex       52%          4%          3
 Fulminant Prism          Conj/Hex       13%          16%         4
 Iskenderun's Mystic Bla  Conj/Tloc      26%          16%         4


Dungeon Overview and Level Annotations

Branches:
Dungeon (5/15)
 Temple: D:4-7

Altars:
Ashenzari
Nemelex Xobeh
Qazlal
Vehumet
The Shining One


Message History

Casting: Magic Dart (safe; 1% risk of failure)
Confirm with . or Enter, or press ? or * to list all spells.
Aiming: Magic Dart (safe; 1% risk of failure)
Press: ? - help, Shift-Dir - straight line, f/p - sky beast
Aim: a sky beast (severely wounded, 0% to evade)
The magic dart hits the sky beast but does no damage.
The sky beast is severely wounded.
The sky beast hits you.
* * * LOW HITPOINT WARNING * * *
The sky beast shocks you.
* * * LOW HITPOINT WARNING * * *
Casting: Magic Dart (safe; 1% risk of failure)
Confirm with . or Enter, or press ? or * to list all spells.
Aiming: Magic Dart (safe; 1% risk of failure)
Press: ? - help, Shift-Dir - straight line, f/p - sky beast
Aim: a sky beast (severely wounded, 0% to evade)
Okay, then.
It was a potion of cancellation.
You feel magically purged. The quokka closely misses you.
The sky beast hits you.
You die...

...⌠...
.......
#.#.#. .....
#...## #...#
##.r# #..@#
#...Y#
#.....#..
#.....####...
...##. ...#
.# #. ...# .
... . ...


You could see a sky beast and a quokka.

Vanquished Creatures
  An ogre (D:4)
  Blork the orc (D:4)
  A scorpion (D:4)
  2 orc wizards (D:4)
  A bullfrog skeleton (D:4)
  A worker ant (D:4)
  6 adders
  An adder skeleton (D:4)
  4 worms
  5 leopard geckos
  7 orcs
  6 bats
  8 giant cockroaches
  8 goblins
  10 hobgoblins
  8 jackals
  12 kobolds
  A quokka (D:3)
  A ball python (D:4)
  3 frilled lizards
  12 rats
99 creatures vanquished.

Vanquished Creatures (others)
  2 plants (D:2)
2 creatures vanquished.

Grand Total: 101 creatures vanquished

Notes
Turn   | Place    | Note
-------+----------+-------------------------------------------
     0 | D:1      | McKennaii the Deep Elf Conjurer began the quest for the
                  | Orb.
     0 | D:1      | Reached XP level 1. HP: 10/10 MP: 6/6
   245 | D:1      | Reached XP level 2. HP: 15/15 MP: 5/8
   377 | D:1      | Reached skill level 5 in Conjurations
   668 | D:1      | Reached XP level 3. HP: 10/19 MP: 2/9
  1655 | D:2      | Reached XP level 4. HP: 24/24 MP: 8/11
  2371 | D:3      | Reached skill level 6 in Conjurations
  2856 | D:3      | Found a sparkling altar of Nemelex Xobeh.
  3022 | D:3      | Found a broken altar of Ashenzari.
  3101 | D:3      | Found a radiant altar of Vehumet.
  3103 | D:3      | Found a glowing golden altar of the Shining One.
  3297 | D:4      | Reached XP level 5. HP: 12/28 MP: 2/14
  3503 | D:4      | Found a stormy altar of Qazlal.
  3673 | D:4      | Reached skill level 5 in Spellcasting
  3863 | D:4      | Noticed Blork the orc
  3872 | D:4      | Killed Blork the orc
  3873 | D:4      | Reached XP level 6. HP: 32/32 MP: 1/16
  4018 | D:4      | Reached skill level 7 in Conjurations
  4675 | D:5      | Entered Level 5 of the Dungeon
  4675 | D:5      | Noticed a sky beast
  4682 | D:5      | HP: 1/32 [sky beast (6)]
  4683 | D:5      | Slain by a sky beast

Illustrated notes

Levels and vault maps discovered:
D:1:      mrwooster_arrival_statue, layout_loops_ring
D:2:      layout_loops_cross, lexackson_kobold_supper
D:3:      layout_rooms, lemuel_round_altar, nemelex_altar_shiori,
          nicolae_overflow_hidden_temple
D:4:      layout_loops_ring, grunt_qazlal_sundering, dk_noncrumbling_2,
          uniq_blork_the_orc
D:5:      layout_layer_cave, elyvilon_altar_5, lemuel_doored_altar,
          kennysheep_mini, minmay_temple_entry_arrows,
          biasface_ghost_orc_armoury, lemuel_tele_altar

Skill      XL: |  1  2  3  4  5  6 |
---------------+-------------------+-----
Conjurations   | 5 6 7 |  7.2
Spellcasting   | 4 5 6 |  6.7
Dodging        | 3 |  3.0
Fighting       | |  0.2
Stealth        | |  2.8

Action                   |  1- 3 |  4- 6 || total
-------------------------+-------+-------++-------
Melee: Unarmed           |     7 |       ||     7
 Cast: Magic Dart        |    83 |   160 ||   243
  Use: Scroll            |       |     5 ||     5
       Potion            |       |     1 ||     1
Armor: Robe              |     2 |     1 ||     3
Dodge: Dodged            |     6 |    20 ||    26
